 Dungeon Crawl Stone Soup version 0.20-a0-738-gb057e68 (webtiles) character file.

33 polly the Slasher (level 3, 26/28 HPs)
             Began as a Demonspawn Gladiator on Feb 24, 2017.
             Quit the game on level 2 of the Dungeon.
             The game lasted 00:00:39 (696 turns).

polly the Slasher (Demonspawn Gladiator)             Turns: 696, Time: 00:00:40

Health: 26/28      AC:  3    Str: 15    XL:     3   Next: 12%
Magic:  3/3        EV: 13    Int:  9    God:
Gold:   50         SH:  0    Dex: 14    Spells: 2/2 levels left

rFire    . . .     SeeInvis .   a - +0 long sword
rCold    . . .     Gourm    .   b - +0 leather armour
rNeg     . . .     Faith    .   (no shield)
rPois    .         Spirit   .   (helmet restricted)
rElec    .         Reflect  .   (no cloak)
rCorr    .         Harm     .   (no gloves)
MR       .....                  (no boots)
Stlth    +.........             (no amulet)
Regen    0.1/turn               (no ring)
MPRegen  0.1/turn               (no ring)

@: no status effects
A: antennae 1, spiny 1
a: no special abilities


You were on level 2 of the Dungeon.
You were not hungry.

You visited 1 branch of the dungeon, and saw 2 of its levels.

You collected 50 gold pieces.

Inventory:

Hand Weapons
 a - a +0 long sword (weapon)
Missiles
 d - 3 throwing nets (quivered)
Armour
 b - a +0 leather armour (worn)
 c - a +0 helmet
Scrolls
 e - 2 scrolls of teleportation {unknown}
 g - a scroll of amnesia {unknown}
 h - 2 scrolls of identify {unknown}
 i - a scroll of enchant weapon {unknown}
 k - a scroll of random uselessness {unknown}
 m - a scroll of immolation {unknown}
 o - a scroll of fog {unknown}
Potions
 j - a potion of heal wounds {unknown}
 n - a potion of invisibility {unknown}
 p - a potion of cancellation {unknown}
Comestibles
 f - 2 bread rations
 l - a royal jelly


   Skills:
 + Level 2.4 Fighting
 + Level 3.0 Long Blades
 + Level 2.0 Throwing
 + Level 0.3 Armour
 + Level 3.0 Dodging
 + Level 0.4 Stealth


You had 2 spell levels left.
You didn't know any spells.

Dungeon Overview and Level Annotations

Branches:
Dungeon (2/15)

Altars:


Innate Abilities, Weirdness & Mutations

You have a pair of small antennae on your head.
You are partially covered in sharp spines.


Message History

An adder comes into view.
An adder is nearby!
An adder is nearby!
An adder is nearby!
The adder hisses angrily.
Found a green potion.
You miss the adder. The adder is struck by your spines.
The adder completely misses you.
You riposte.
You slash the adder!
You kill the adder!
Your Long Blades skill increases to level 3!
You have reached level 3!
Your experience leads to an increase in your attributes!
Increase (S)trength, (I)ntelligence, or (D)exterity?
You feel stronger.
You feel monstrous as your demonic heritage exerts itself.
Your demonic ancestry asserts itself...
A pair of antennae grows on your head!
Your +0 helmet falls away!
Unknown command.
Are you sure you want to abandon this character and quit the game? (Confirm with "yes".)

#.#.............#
..##....##.###..###
..##...) #.# #....#
.. #.... #. #....#
#....# ..###....##
..........#
.###...#.# ##.@#.#
#............
#.##..#.#.!.. #
#..#.#.##. #..#.# .
#..#.# ## #..# ...#


There were no monsters in sight!

Vanquished Creatures
  An adder (D:2)
  A dart slug (D:1)
  A leopard gecko (D:1)
  2 bats
  3 giant cockroaches
  3 hobgoblins
  2 jackals (D:1)
  2 kobolds (D:1)
  A quokka (D:2)
  A frilled lizard (D:1)
  2 rats (D:1)
19 creatures vanquished.

Notes
Turn   | Place    | Note
-------+----------+-------------------------------------------
     0 | D:1      | polly the Demonspawn Gladiator began the quest for the Orb.
     0 | D:1      | Reached XP level 1. HP: 16/16 MP: 1/1
   206 | D:1      | Gained mutation: You are partially covered in sharp spines. [demonic ancestry]
   206 | D:1      | Reached XP level 2. HP: 21/22 MP: 2/2
   695 | D:2      | Gained mutation: You have a pair of small antennae on your head. [demonic ancestry]
   695 | D:2      | Reached XP level 3. HP: 26/28 MP: 3/3
   696 | D:2      | Quit the game

Vault maps used:
D:1:      dpeg_arrival_erosion
D:2:      grunt_temple_overflow_open, uniq_terence

Skill      XL: |  1  2 |
---------------+-------+-----
Dodging        | 3 |  3.0
Throwing       | 2 |  2.0
Long Blades    | 3 |  3.0
Fighting       | |  2.4
Armour         | |  0.3
Stealth        | |  0.4

Action                   || total
-------------------------++-------
Melee: Long sword        ||    33
 Stab: Sleeping          ||     1
Armor: Leather armour    ||     7
Dodge: Dodged            ||    29
       Rpst.: Long sword ||    12
